Map: Ley Lines

Players

猫咪 - Winner!

  • Race: Terran Terran
  • League: Grandmaster
  • Spawn Location: 1:00

Where

  • Race: Terran Terran
  • League: Grandmaster
  • Spawn Location: 7:00

VOD

Have the link to the VOD?

Description

Time

  • Played on: Feb. 9, 2025, 12:57 a.m.
  • Length: 9:39
Show
View Real Time Build Order
Export as new Build Order

猫咪 Terran - Winner!

Build Orders:  

Get SALT Encoding   

  12  0:00  SCV  
  13  0:13  SCV  
  14  0:17  Supply Depot  
  14  0:25  SCV  
  15  0:39  SCV, Barracks  
  16  0:44  Refinery  
  16  0:51  SCV  
  16  0:55  Refinery  
  17  1:03  SCV  
  18  1:15  SCV  
  19  1:27  Reaper  
  19  1:28  Orbital Command  
  19  1:32  Supply Depot  
  20  1:42  Factory  
  21  1:54  SCV  
  21  2:00  Reaper  
  22  2:06  SCV  
  23  2:18  Command Center  
  23  2:20  SCV  
  24  2:26  Hellion  
  26  2:32  SCV  
  26  2:33  Reaper  
  26  2:37  Supply Depot  
  28  2:47  SCV  
  28  2:48  Hellion  
  31  2:52  Starport  
  31  2:59  SCV  
  32  3:06  Barracks Reactor  
  32  3:09  Factory Tech Lab  
  32  3:11  SCV  
  33  3:17  Refinery  
  33  3:23  SCV  
  32  3:30  Cyclone  
  32  3:31  Starport Tech Lab  
  32  3:32  Orbital Command  
  34  3:35  SCV  
  34  3:43  Marine x2  
  36  3:49  SCV  
  36  3:51  Raven  
  39  3:57  SCV  
  39  4:00  Supply Depot  
  39  4:01  SCV  
  41  4:03  Cyclone  
  41  4:06  Marine x2  
  41  4:07  Interference Matrix  
  41  4:09  SCV  
  47  4:13  SCV  
  47  4:21  SCV  
  47  4:22  Supply Depot  
  48  4:25  SCV  
  48  4:26  Raven  
  48  4:27  Marine x2  
  53  4:33  SCV  
  54  4:42  Siege Tank  
  54  4:44  SCV  
  54  4:45  Marine x2  
  59  4:46  SCV  
  59  4:51  Supply Depot  
  61  4:56  SCV  
  61  4:59  SCV  
  63  5:00  Command Center  
  63  5:04  Raven  
  63  5:06  Marine x2  
  67  5:08  SCV  
  67  5:12  Supply Depot  
  67  5:13  SCV  
  69  5:18  Siege Tank  
  72  5:23  SCV  
  72  5:24  Marine x2  
  72  5:26  SCV  
  72  5:28  Supply Depot  
  76  5:37  SCV, Barracks  
  76  5:38  SCV  
  76  5:39  Barracks  
  78  5:45  Refinery  
  78  5:49  SCV  
  79  5:50  Siege Tank, SCV, Starport Reactor  
  79  5:53  Stimpack  
  83  6:01  Engineering Bay, SCV  
  83  6:02  Engineering Bay  
  83  6:03  Marine  
  85  6:06  SCV  
  86  6:14  SCV  
  86  6:16  Orbital Command  
  87  6:20  SCV  
  87  6:21  Marine  
  92  6:25  Siege Tank  
  92  6:27  Supply Depot  
  92  6:28  Supply Depot  
  92  6:33  SCV x2, Starport Reactor  
  92  6:34  Terran Infantry Weapons Level 1  
  92  6:37  Terran Infantry Armor Level 1, Marine  
  95  6:42  Marine x3  
  95  6:45  SCV x2  
  95  6:47  Marine  
  100  6:49  Supply Depot  
  101  6:54  SCV  
  101  6:57  Siege Tank, SCV x2  
  107  7:03  Barracks, Marine x2  
  107  7:05  Marine  
  107  7:06  Barracks, Marine  
  111  7:08  SCV  
  111  7:09  SCV  
  111  7:12  Supply Depot  
  111  7:14  Marine  
  114  7:17  Medivac  
  114  7:19  Medivac  
  114  7:21  Marine x2  
  120  7:23  SCV  
  120  7:24  Missile Turret, SCV  
  120  7:25  Marine  
  120  7:29  SCV  
  124  7:31  Marine  
  124  7:32  Marine  
  124  7:33  Siege Tank  
  124  7:34  Supply Depot  
  124  7:35  Sensor Tower  
  124  7:36  Combat Shield  
  129  7:37  SCV  
  129  7:42  Marine x2  
  129  7:43  SCV  
  134  7:44  SCV  
  134  7:47  Marine  
  134  7:49  Supply Depot, SCV  
  134  7:51  Marine  
  136  7:52  Barracks Reactor, Missile Turret  
  136  7:54  Barracks Reactor  
  136  7:55  Armory, Marine  
  136  7:57  Missile Turret  
  138  8:00  Marine x2  
  138  8:05  Marine  
  140  8:07  Siege Tank  
  140  8:08  Medivac  
  140  8:09  Medivac, Marine  
  140  8:11  Supply Depot  
  148  8:13  Supply Depot, Marine  
  148  8:17  Marine  
  148  8:18  Marine  
  151  8:23  Marine  
  151  8:26  Marine  
  152  8:31  SCV x2, Marine  
  152  8:34  Marine x3  
  155  8:35  Refinery x2, Marine x3  
  155  8:38  SCV  
  155  8:39  Siege Tank  
  165  8:42  Command Center, Marine  
  162  8:51  Marine x3  
  162  8:53  Medivac x2, Marine x2  
  162  8:54  SCV  
  170  8:56  SCV  
  170  9:02  Marine x2  
  166  9:11  Marine  
  166  9:12  Marine x6  
  172  9:18  Supply Depot, Factory  
  172  9:20  Marine  
  173  9:24  Supply Depot  
  173  9:26  Supply Depot  
Show
View Real Time Build Order
Export as new Build Order

Where Terran 

Build Orders:  

Get SALT Encoding   

  12  0:00  SCV  
  13  0:12  SCV  
  14  0:16  Supply Depot  
  14  0:24  SCV  
  15  0:38  SCV  
  15  0:40  Barracks  
  16  0:44  Refinery  
  16  0:50  SCV  
  16  0:52  Refinery  
  17  1:02  SCV  
  18  1:14  SCV  
  19  1:27  Orbital Command, Reaper  
  19  1:31  Supply Depot  
  20  1:42  Factory  
  20  1:53  SCV  
  21  1:59  Barracks Reactor  
  21  2:05  SCV  
  22  2:16  Command Center  
  22  2:17  SCV  
  23  2:25  Hellion  
  25  2:36  Reaper x2  
  27  2:38  SCV  
  27  2:43  Supply Depot  
  28  2:47  Hellion  
  28  2:50  SCV  
  31  2:55  Starport  
  31  3:05  SCV  
  32  3:08  Marine x2  
  32  3:09  Factory Tech Lab  
  34  3:17  SCV  
  31  3:31  SCV  
  31  3:32  Marine x2  
  34  3:34  Cyclone  
  34  3:35  Starport Tech Lab  
  34  3:37  Orbital Command  
  36  3:43  SCV  
  37  3:51  Marine x2  
  37  3:54  Raven  
  37  3:55  SCV, Interference Matrix  
  41  4:00  Refinery  
  43  4:02  SCV  
  43  4:07  SCV  
  43  4:09  Marine x2  
  44  4:17  Siege Tank  
  44  4:18  SCV  
  44  4:20  SCV  
  44  4:23  Supply Depot  
  49  4:27  Marine x2  
  49  4:30  SCV  
  52  4:32  SCV  
  52  4:38  Supply Depot  
  53  4:42  SCV  
  53  4:45  SCV, Raven  
  57  4:46  Marine x2  
  59  4:54  SCV  
  59  4:57  SCV  
  59  4:59  Siege Tank  
  64  5:01  Supply Depot  
  64  5:03  Command Center  
  64  5:06  SCV  
  65  5:07  Marine x2  
  65  5:10  SCV  
  68  5:18  SCV  
  69  5:22  SCV  
  69  5:23  Raven  
  69  5:24  Supply Depot  
  72  5:30  SCV  
  72  5:32  Barracks  
  72  5:33  Barracks  
  72  5:34  SCV  
  77  5:35  Siege Tank  
  77  5:40  Marine  
  78  5:46  SCV  
  78  5:47  Engineering Bay  
  80  5:50  SCV, Engineering Bay  
  80  5:52  Supply Depot  
  81  5:58  SCV  
  81  6:02  SCV  
  81  6:03  Refinery  
  82  6:09  Stimpack  
  82  6:10  Siege Tank, SCV  
  86  6:13  Viking x2  
  86  6:16  SCV  
  91  6:22  SCV, Marine x3  
  95  6:28  SCV  
  95  6:32  Barracks  
  96  6:35  SCV, Barracks  
  96  6:39  Terran Infantry Weapons Level 1, Terran Infantry Armor Level 1  
  97  6:41  Orbital Command  
  97  6:46  Barracks Reactor x2  
  97  6:48  Marine  
  97  6:49  SCV x2  
  100  6:57  Supply Depot  
  100  7:00  Siege Tank  
  103  7:01  SCV  
  103  7:02  SCV  
  103  7:06  Marine  
  103  7:07  SCV  
  107  7:13  SCV  
  107  7:14  SCV  
  109  7:19  SCV, Medivac x2, Supply Depot  
  109  7:20  Barracks Reactor, Supply Depot  
  114  7:24  Barracks Reactor, Refinery, Marine  
  114  7:25  Refinery, Marine x2  
  114  7:26  Supply Depot  
  117  7:31  Supply Depot  
  117  7:41  Siege Tank, SCV x2, Marine x2  
  117  7:42  Marine x2  
  117  7:43  Marine  
  127  7:44  SCV, Supply Depot  
  127  7:45  Supply Depot  
  127  7:46  Sensor Tower  
  127  7:49  Armory  
  128  7:53  SCV x2  
  128  7:56  SCV, Marine x2  
  133  7:58  Marine x2  
  133  7:59  Marine  
  133  8:00  Marine  
  133  8:02  Medivac x2  
  133  8:05  SCV  
  141  8:07  SCV  
  141  8:08  SCV  
  141  8:09  Combat Shield  
  141  8:11  Supply Depot, Marine  
  141  8:12  Marine x2  
  146  8:14  Supply Depot, Marine x2  
  146  8:16  Marine  
  146  8:19  SCV x2  
  149  8:20  Marine x2  
  149  8:23  Marine  
  149  8:24  Missile Turret  
  152  8:27  Missile Turret  
  152  8:29  SCV, Marine  
  152  8:30  Marine x2  
  152  8:31  SCV  
  152  8:32  Siege Tank, Marine  
  161  8:37  Factory  
  161  8:40  SCV  
  151  8:49  Marine x2  
  151  8:52  Medivac x2  
  151  8:54  Marine x2  
  151  8:55  Marine x2  
  154  9:04  Command Center  
  143  9:10  Marine  
  143  9:11  Marine x4  
  143  9:12  Marine x2  
  143  9:13  Marine  
  134  9:19  Marine  
Tags
 
Add a new tag
Caveats
  • Supply blocks, unpowered buildings, or Contaminate may cause inaccurate times.
  • Supply counts are checked every 10 seconds.